 Dungeon Crawl Stone Soup version 0.26-a0-712-ga5a9c9c9d0 (webtiles) character file.

Game seed: 6297956147624521910

23767 Peloso the Carver (level 12, -8/107 HPs)
             Began as a Minotaur Fighter on Oct 31, 2020.
             Was the Champion of Okawaru.
             Mangled by a skeletal warrior
             ... wielding a +0 glaive
             ... led by a skeletal warrior
              (13 damage)
             ... on level 14 of the Dungeon.
             The game lasted 00:34:53 (13173 turns).

Peloso the Carver (Minotaur Fighter)               Turns: 13173, Time: 00:34:54

Health: -8/107     AC: 20    Str: 24    XL:     12   Next: 74%
Magic:  12/12      EV:  8    Int:  8    God:    Okawaru [******]
Gold:   940        SH: 13    Dex: 12    Spells: 11/11 levels left

rFire    . . .     SeeInvis .   a - +0 double sword (venom)
rCold    . . .     Faith    +   c - +0 kite shield
rNeg     . . .     Spirit   .   s - +0 plate armour
rPois    .         Reflect  .   l - +2 hat {Int+3}
rElec    .         Harm     .   K - scarf {repulsion}
rCorr    .         Rampage  .   L - -2 pair of gloves (curse)
MR       ++...                  v - +2 pair of boots
Stlth    ..........             O - amulet of faith
HPRegen  0.27/turn              h - ring of protection from magic
MPRegen  0.13/turn              r - ring of protection from magic

@: repel missiles
A: retaliatory headbutt, horns 2
a: Heroism, Finesse, Renounce Religion


You were on level 14 of the Dungeon.
You worshipped Okawaru.
Okawaru was exalted by your worship.
You visited 2 branches of the dungeon, and saw 15 of its levels.
You also visited: Ossuary.

You collected 988 gold pieces.
You spent 48 gold pieces at shops.

Inventory:

Hand Weapons
 a - a +0 double sword of venom (weapon)
 b - a +4 scimitar
Armour
 c - a +0 kite shield (worn)
 l - a +2 hat of intelligence (worn)
 s - a +0 plate armour (worn)
 v - a +2 pair of boots (worn)
 K - a scarf of repulsion (worn)
 L - a cursed -2 pair of gloves (worn)
Jewellery
 f - the amulet "Povol" {Spirit rF+++ rC- MR- Dex+9}
   (You found it on level 6 of the Dungeon)

   [amulet of guardian spirit]

   It causes incoming damage to be split between your health and magic.
   It affects your dexterity (+9).
   It renders you almost immune to fire.
   It makes you vulnerable to cold.
   It affects your resistance to hostile enchantments.
 h - a ring of protection from magic (left hand)
 j - a +6 ring of intelligence
 p - a +4 ring of evasion
 r - a ring of protection from magic (right hand)
 t - an uncursed amulet of guardian spirit
 H - an uncursed ring of flight {unknown}
 I - a +4 ring of slaying {unknown}
 J - a cursed ring of attention {unknown}
 O - an amulet of faith (around neck)
 R - an uncursed ring of ice {unknown}
 S - a +6 ring of strength {unknown}
 T - a cursed amulet of inaccuracy {unknown}
Wands
 m - a wand of paralysis (9)
 o - a wand of polymorph (10)
 M - a wand of iceblast (17)
 U - a wand of digging (1)
Scrolls
 d - 2 scrolls of enchant weapon
 e - 2 scrolls of identify
 g - 10 scrolls of teleportation
 n - 2 scrolls of enchant armour
 q - a scroll of fear
 y - 3 scrolls of remove curse
 A - 2 scrolls of blinking
 B - a scroll of fog
 C - a scroll of amnesia
 F - a scroll of magic mapping
 P - 3 scrolls of noise
Potions
 i - 13 potions of curing
 k - a potion of might
 u - 4 potions of flight
 w - 4 potions of haste
 x - a potion of stabbing
 z - a potion of cancellation
 D - a potion of brilliance
 E - a potion of ambrosia
 N - 3 potions of magic
 Q - 2 potions of heal wounds


   Skills:
 + Level 10.4 Fighting
   Level 2.6(9.6) Short Blades
 + Level 14.9(15.0) Long Blades
 + Level 11.9 Armour
 + Level 3.3 Dodging
 + Level 2.0 Stealth
 + Level 13.0 Shields
 + Level 1.6 Invocations
 + Level 0.3 Evocations


You had 11 spell levels left.
You didn't know any spells.
Your spell library was empty.

Dungeon Overview and Level Annotations

Branches:
Dungeon (14/15)            Temple (1/1) D:7            Lair (0/6) D:10
    Orc (0/2) D:9         Ossuary (visited)
 Vaults: D:13-14

Altars:
Ashenzari
Elyvilon
Gozag
Hepliaklqana
Kikubaaqudgha
Makhleb
Nemelex Xobeh
Okawaru
Ru
Sif Muna
Trog
Vehumet
Wu Jian
Xom
Yredelemnul
The Shining One

Shops:
D:8 }   D:10 =}(?

Annotations:
D:5 2 runed translucent doors, triki's ghost, amateur GnAM


Innate Abilities, Weirdness & Mutations

You reflexively headbutt those who attack you in melee.
You have a pair of horns on your head.


Message History

You block the skeletal warrior's attack.
You closely miss the skeletal warrior.
You headbutt the skeletal warrior, but do no damage.
The skeletal warrior is severely damaged.
You feel like a meek peon again.
The skeletal warrior hits you with a +0 glaive!
You barely miss the skeletal warrior.
The skeletal warrior is severely damaged.
The skeletal warrior hits you with a +0 morningstar!
* * * LOW HITPOINT WARNING * * *
You barely miss the skeletal warrior.
The skeletal warrior is severely damaged.
The skeletal warrior hits you with a +0 glaive.
* * * LOW HITPOINT WARNING * * *
You hit the skeletal warrior but do no damage.
The skeletal warrior is severely damaged.
The skeletal warrior hits you with a +0 morningstar!
* * * LOW HITPOINT WARNING * * *
The skeletal warrior hits you with a +0 glaive!
You die...

##.## ####...#######
#<[..#.......##
#.##...####...### #
#.###.............#
..# ###...#...# #.##
#..# #.#.##.###...##
#..#####.#)#...#.....#
.........#z@###.......
#..####...z......)....
.....>.............
####...##'''########
.......#.....#.....#
####...#.....'.(..[#
#.#.#..⌠..'..⌠..#
.##.#.....'.....# ##
#.#)[...#.....#


You could see 2 skeletal warriors.

Vanquished Creatures
  A boulder beetle (D:13)
  A centaur warrior (D:13)
  A catoblepas (D:13)
  2 tengu warriors (D:13)
  2 skeletal warriors (D:14)
  An unseen horror (D:10)
  2 wizards (D:14)
  4 ugly things (D:11)
  A cyclops (D:11)
  Joseph (D:10)
  3 gargoyles
  A centaur skeleton (D:12)
  3 trolls
  A hornet (D:10)
  A shadow (D:13)
  A vampire (D:10)
  A wyvern (D:9)
  20 yaks
  2 wraiths
  16 humans (D:14)
  6 vampire mosquitoes (D:13)
  Menkaure (D:7)
  5 phantoms
  4 ice beasts
  4 black bears
  3 orc warriors
  6 sky beasts
  6 ogres
  A wolf (D:10)
  6 centaurs
  A big kobold (D:7)
  9 bullfrogs
  13 scorpions
  15 wights
  9 howler monkeys
  3 electric eels (D:10)
  A bullfrog zombie (D:6)
  2 centaur zombies
  7 hounds
  4 jellies
  2 bullfrog skeletons (D:12)
  2 human zombies (Ossuary)
  5 orc priests
  3 iguanas
  9 orc wizards
  7 worker ants
  A big kobold zombie (Ossuary)
  3 mummies (Ossuary)
  A hound skeleton (D:4)
  13 adders
  3 scorpion zombies (Ossuary)
  3 white imps
  2 ufetubi
  3 oozes
  An adder zombie (D:8)
  4 adder skeletons
  2 worms
  2 dart slugs
  3 leopard geckos
  28 orcs
  2 ball pythons (D:4)
  7 giant cockroaches
  3 gnoll zombies (Ossuary)
  6 goblins
  8 hobgoblins
  8 jackals
  11 kobolds
  3 quokkas
  6 bats
  6 frilled lizards
  A giant cockroach zombie (D:5)
  2 goblin zombies (Ossuary)
  2 hobgoblin zombies (Ossuary)
  2 kobold zombies (Ossuary)
  A leopard gecko skeleton (D:4)
  4 orc zombies (Ossuary)
  A quokka skeleton (D:8)
  5 rats
346 creatures vanquished.

Vanquished Creatures (others)
  3 plants (D:13)
3 creatures vanquished.

Grand Total: 349 creatures vanquished

Notes
Turn   | Place    | Note
-------+----------+-------------------------------------------
     0 | D:1      | Peloso the Minotaur Fighter began the quest for the Orb.
     0 | D:1      | Reached XP level 1. HP: 19/19 MP: 0/0
   158 | D:1      | Reached XP level 2. HP: 27/27 MP: 1/1
   630 | D:2      | Reached XP level 3. HP: 33/33 MP: 2/2
   838 | D:2      | Reached skill level 1 in Dodging
   992 | D:2      | Reached skill level 3 in Long Blades
  1305 | D:2      | Reached XP level 4. HP: 37/40 MP: 3/3
  2629 | D:4      | Reached XP level 5. HP: 46/46 MP: 4/4
  2649 | D:4      | Noticed an ogre
  2653 | D:4      | Killed an ogre
  2653 | D:4      | Reached skill level 4 in Long Blades
  2653 | D:4      | Reached skill level 5 in Armour
  3089 | D:4      | You fall into a shaft and drop 1 floor!
  3089 | D:5      | Entered Level 5 of the Dungeon
  3089 | D:5      | Found a sand-covered staircase.
  3093 | D:5      | Noticed an ogre
  3095 | Ossuary  | Entered an ossuary
  3116 | Ossuary  | Reached skill level 5 in Shields
  3116 | Ossuary  | Reached XP level 6. HP: 49/52 MP: 5/5
  3181 | Ossuary  | Reached skill level 1 in Short Blades
  3246 | Ossuary  | Reached XP level 7. HP: 53/60 MP: 6/6
  3510 | Ossuary  | Reached skill level 5 in Long Blades
  3810 | D:5      | Reached XP level 8. HP: 67/67 MP: 7/7
  3834 | D:5      | Found a runed translucent door.
  3838 | D:5      | Noticed triki's ghost (amateur GnAM)
  3896 | D:5      | Found a runed translucent door.
  3979 | D:5      | Reached skill level 5 in Fighting
  4093 | D:5      | Found a broken altar of Ashenzari.
  4210 | D:5      | Reached skill level 6 in Long Blades
  4278 | D:5      | Found an ancient bone altar of Kikubaaqudgha.
  4766 | D:5      | Found a bloodstained altar of Trog.
  5175 | D:6      | Got a pitted silver amulet
  5213 | D:6      | Reached skill level 7 in Long Blades
  5498 | D:6      | Reached XP level 9. HP: 66/75 MP: 8/8
  5561 | D:6      | Found a shimmering blue altar of Sif Muna.
  5716 | D:6      | Reached skill level 8 in Long Blades
  5955 | D:7      | Noticed Menkaure
  5965 | D:7      | Killed Menkaure
  6378 | D:7      | Reached skill level 9 in Long Blades
  6461 | D:7      | Found a staircase to the Ecumenical Temple.
  6477 | Temple   | Entered the Ecumenical Temple
  6573 | Temple   | Became a worshipper of Warmaster Okawaru
  6780 | D:7      | Reached skill level 10 in Long Blades
  7047 | D:8      | Identified the amulet "Povol" {Spirit rF+++ rC- MR- Dex+9}
                  | (You found it on level 6 of the Dungeon)
  7261 | D:8      | Reached XP level 10. HP: 67/86 MP: 7/9
  7410 | D:8      | Found Olecwiy's Gadget Emporium.
  7534 | D:8      | Found an ornate altar of the Wu Jian Council.
  7654 | D:8      | Reached * piety under Okawaru
  7755 | D:9      | Reached skill level 10 in Shields
  7895 | D:9      | Found a broken altar of Ashenzari.
  7912 | D:9      | Found a staircase to the Orcish Mines.
  8113 | D:9      | Found a shimmering altar of Xom.
  8115 | D:9      | Found a radiant altar of Vehumet.
  8319 | D:10     | Entered Level 10 of the Dungeon
  8320 | D:10     | Found Kikh's Weapon Emporium.
  8355 | D:10     | Found Tixketinn's Gadget Emporium.
  8361 | D:10     | Found an ornate altar of the Wu Jian Council.
  8370 | D:10     | Reached ** piety under Okawaru
  8404 | D:10     | Noticed a gargoyle
  8405 | D:10     | Found Erunaecs's Jewellery Shoppe.
  8429 | D:10     | Killed a gargoyle
  8649 | D:10     | Reached skill level 11 in Long Blades
  8790 | D:10     | Reached skill level 10 in Armour
  8934 | D:10     | Reached *** piety under Okawaru
  9349 | D:11     | Reached XP level 11. HP: 94/94 MP: 10/10
  9423 | D:11     | Noticed a brown ugly thing
  9435 | D:11     | Killed a brown ugly thing
  9471 | D:11     | Noticed a purple ugly thing
  9488 | D:11     | Killed a purple ugly thing
  9561 | D:11     | Noticed a brown ugly thing
  9561 | D:11     | Noticed a white ugly thing
  9583 | D:11     | Killed a brown ugly thing
  9583 | D:11     | Reached skill level 12 in Long Blades
  9592 | D:11     | Killed a brown ugly thing
 10211 | D:10     | Noticed Joseph
 10221 | D:10     | Killed Joseph
 10221 | D:10     | Reached **** piety under Okawaru
 10235 | D:10     | Found a staircase to the Lair.
 10442 | D:10     | Found Caclud's Magic Scroll Shoppe.
 10446 | D:10     | Bought a scroll of identify for 24 gold pieces
 10446 | D:10     | Bought a scroll of identify for 24 gold pieces
 10523 | D:10     | Paralysed by a hornet for 3 turns
 10534 | D:10     | Reached skill level 1 in Stealth
 10642 | D:10     | Killed an unseen horror
 11153 | D:12     | Noticed a five-headed hydra
 11292 | D:13     | Reached skill level 13 in Long Blades
 11294 | D:13     | Reached ***** piety under Okawaru
 11294 | D:13     | Received a gift from Okawaru
 11733 | D:13     | Noticed a tengu warrior
 11733 | D:13     | Noticed a tengu warrior
 11751 | D:13     | Killed a tengu warrior
 11759 | D:13     | Killed a tengu warrior
 11759 | D:13     | Reached XP level 12. HP: 74/106 MP: 7/11
 11953 | D:13     | Noticed a catoblepas
 11963 | D:13     | Killed a catoblepas
 11963 | D:13     | Reached skill level 1 in Invocations
 12212 | D:13     | Noticed a centaur warrior
 12228 | D:13     | Killed a centaur warrior
 12237 | D:13     | Reached skill level 14 in Long Blades
 12640 | D:13     | Noticed a boulder beetle
 12679 | D:13     | Reached skill level 10 in Fighting
 12687 | D:13     | Killed a boulder beetle
 12687 | D:13     | Reached ****** piety under Okawaru
 12996 | D:14     | Received a gift from Okawaru
 13173 | D:14     | HP: 5/107 [skeletal warrior/+0 morningstar[a skeletal
                  | warrior] (10)]
 13173 | D:14     | Mangled by a skeletal warrior

Illustrated notes

Levels and vault maps discovered:
D:1:      dpeg_arrival_shrine, layout_rooms, nrook_campfire,
          minmay_misc_feat_nine_boxes, dk_noncrumbling_4
D:2:      layout_basic, chequers_serial_rivers_small_a
D:3:      layout_basic
D:4:      layout_loops_cross
D:5:      layout_basic, old_standard_altar, kennysheep_mini,
          nicolae_ossuary_entry_monument, gup_sewer_entry_glass,
          ebering_ghost_sewer_f, evilmike_ruin_ashenzari
D:6:      layout_basic, led_sif_book, minmay_small_thing
D:7:      layout_loops_ring, minmay_temple_entry_poolview, uniq_menkaure
D:8:      layout_basic, old_standard_altar, serial_shops, shop_fountains
D:9:      layout_cave_pools, lemuel_doored_altar,
          chequers_temple_overflow_statue_of_worship, orc_david_3
D:10:     layout_basic, erik_lair_island, serial_shops,
          nicolae_shop_statue_plus, nicolae_shop_crystal, nicolae_shop_stone,
          shop, basic_altar, corexii_leaking_fountain, item_on_display_a,
          uniq_joseph
D:11:     layout_roguey
D:12:     layout_basic, hangedman_decor_diamond_cutter,
          minmay_misc_feat_encased, minmay_door_square
D:13:     layout_loops_corners, serial_bayou_crossing
D:14:     layout_loops_ring, grunt_vaults_entry_tiered, minmay_misc_feat_square,
          uniq_josephine, uniq_roxanne
Temple:   regret_index_temple_generic_petals

Skill      XL: |  1  2  3  4  5  6  7  8  9 10 11 12 |
---------------+-------------------------------------+-----
Shields        | 4 5 7 8 9 11 12 13 | 13.0
Armour         | 4 5 6 7 8 10 11 | 11.9
Fighting       | 4 5 7 8 9 10 | 10.4
Dodging        | 1 2 3 |  3.3
Long Blades    | 3 4 5 7 10 11 13 14 | 14.9
Short Blades   | 1 2 |  2.6
Stealth        | 1 2 |  2.0
Invocations    | 1 |  1.6
Evocations     | |  0.3

Action                   |  1- 3 |  4- 6 |  7- 9 | 10-12 || total
-------------------------+-------+-------+-------+-------++-------
Melee: Long sword        |   118 |    41 |   353 |   551 ||  1063
       Headbutt          |    14 |    31 |    89 |   252 ||   386
       Short sword       |       |   115 |    54 |       ||   169
       Scimitar          |       |       |       |   126 ||   126
       Double sword      |       |       |       |    90 ||    90
Invok: Heroism           |       |       |       |    12 ||    12
Evoke: Wand              |       |       |       |     6 ||     6
  Use: Potion            |     3 |     2 |     1 |     3 ||     9
       Scroll            |       |     5 |     9 |     8 ||    22
 Stab: Paralysed         |       |       |       |     6 ||     6
Armor: Scale mail        |    64 |    18 |       |       ||    82
       Plate armour      |       |    65 |   163 |   274 ||   502
Dodge: Dodged            |    32 |    61 |   127 |   115 ||   335
       Repelled          |       |       |       |     1 ||     1
Block: Kite shield       |    67 |    80 |   234 |   377 ||   758
       Rpst.: Long sword |     9 |     5 |    29 |    20 ||    63
       Double sword      |       |       |       |     3 ||     3
       Scimitar          |       |       |       |     1 ||     1

Table legend: (Time is in decaauts)
 A = Elapsed time spent in this place.
 B = Non-inter-level travel time spent in this place.
 C = Inter-level travel time spent in this place.
 D = Time resting spent in this place.
 E = Time spent auto-exploring this place.
 F = Levels seen in this place.
 G = Mean time per level.
                   A        B        C        D        E       F      G
               +--------+--------+--------+--------+--------+-----+--------+
         Total |  13108 |  12491 |    617 |    267 |   8855 |  16 |  819.2 |
       Dungeon |  12227 |  11662 |    565 |    267 |   8480 |  14 |  873.4 |
        Temple |    156 |    104 |     52 |      0 |     90 |   1 |  156.0 |
       Ossuary |    725 |    725 |      0 |      0 |    285 |   1 |  725.0 |
               +--------+--------+--------+--------+--------+-----+--------+

Top non-repeatable levels by time:
    D:13: 1631 daAuts
    D:10: 1549 daAuts
     D:5: 1152 daAuts
     D:2: 1146 daAuts
    D:11: 985 daAuts
     D:7: 919 daAuts
     D:3: 894 daAuts
     D:6: 883 daAuts
 Ossuary: 725 daAuts
     D:4: 653 daAuts
     D:9: 648 daAuts
     D:8: 636 daAuts
     D:1: 572 daAuts
    D:12: 363 daAuts
    D:14: 191 daAuts
